Map: Overgrowth LE (Void)

Players

lIIllllIIlll (INnoVation) - Winner!

  • Race: Terran Terran
  • League: Diamond
  • Spawn Location: 7:00

Elazer

  • Race: Zerg Zerg
  • League: Grandmaster
  • Spawn Location: 1:00

Event: NationWars IV

VOD

Have the link to the VOD?

Description

Time

  • Played on: Jan. 21, 2017, 6:42 p.m.
  • Length: 12:02
Show
View Real Time Build Order
Export as new Build Order

lIIllllIIlll Terran - Winner!

Build Orders: Reaper Expand, MMM Bio 

Get SALT Encoding   

  12  0:00  SCV  
  13  0:12  SCV  
  14  0:17  Supply Depot  
  14  0:25  SCV  
  15  0:38  SCV  
  15  0:40  Barracks  
  15  0:42  Refinery  
  16  0:50  SCV  
  17  1:03  SCV  
  18  1:15  SCV  
  19  1:27  Orbital Command, Reaper  
  20  1:37  Command Center  
  20  1:48  Barracks  
  20  1:52  SCV  
  21  1:59  Barracks Reactor  
  21  2:05  SCV  
  22  2:09  Supply Depot  
  22  2:11  Refinery  
  22  2:17  SCV  
  23  2:27  Bunker  
  23  2:31  SCV  
  23  2:34  Barracks Tech Lab  
  23  2:35  Marine x2  
  26  2:43  SCV  
  27  2:53  Marine x2  
  27  2:58  Marauder  
  28  3:01  Orbital Command  
  28  3:03  Stimpack  
  27  3:11  Marine x2  
  28  3:19  Marauder  
  30  3:29  Marine  
  29  3:42  Marauder, Marine  
  30  3:54  Supply Depot  
  30  4:08  Marine  
  30  4:15  SCV  
  30  4:16  Marauder  
  33  4:19  Supply Depot  
  33  4:21  Supply Depot  
  31  4:41  Bunker  
  31  4:42  Marine  
  31  4:43  Marauder  
  30  4:56  SCV  
  27  5:00  Marine  
  27  5:04  Marauder  
  27  5:06  Combat Shields  
  30  5:11  SCV  
  31  5:16  Factory, Supply Depot  
  31  5:20  Marine  
  32  5:26  Marauder  
  34  5:29  SCV  
  35  5:38  Marine  
  35  5:41  SCV  
  37  5:48  Marine  
  38  5:53  SCV  
  39  5:58  Barracks Reactor  
  39  6:05  SCV  
  39  6:06  Marine  
  32  6:22  SCV  
  32  6:24  Marauder  
  26  6:27  Cyclone  
  19  6:34  SCV  
  19  6:36  Marine  
  20  6:47  SCV  
  21  6:51  Marine  
  22  6:55  Marine  
  22  6:59  Marine  
  23  7:03  SCV  
  23  7:10  Marine  
  23  7:13  Marine  
  25  7:17  SCV  
  25  7:20  Marine  
  27  7:28  Marine  
  27  7:29  SCV  
  29  7:38  Marine x2  
  29  7:41  SCV  
  32  7:46  Marine  
  33  7:53  SCV  
  33  7:56  Marine x2  
  36  8:04  Marine  
  37  8:05  SCV  
  38  8:14  Marine x2  
  41  8:20  SCV  
  41  8:21  Marine  
  41  8:26  Starport  
  42  8:28  Factory Reactor  
  42  8:32  SCV  
  43  8:39  Supply Depot  
  43  8:44  SCV  
  44  8:48  Marine  
  44  8:50  Marine  
  46  8:56  SCV  
  47  9:08  SCV  
  48  9:10  Medivac x2  
  48  9:17  Supply Depot  
  52  9:24  Marine x2  
  51  9:26  SCV  
  54  9:35  Marine  
  55  9:39  SCV  
  55  9:42  Marine x2  
  58  9:46  Medivac  
  58  9:51  SCV  
  61  10:02  Supply Depot  
  61  10:03  SCV  
  61  10:06  Marine x3  
  61  10:16  Medivac  
  62  10:23  Marine x2  
  62  10:24  Marauder  
  62  10:26  SCV  
  64  10:33  Medivac  
  66  10:41  Concussive Shells  
  65  10:44  Marine  
  65  10:45  Marine  
  65  10:46  Marauder  
  69  10:55  Medivac  
  61  11:06  Marine  
  61  11:07  Marauder  
  61  11:10  Factory Tech Lab  
  64  11:14  Marine  
  64  11:17  SCV  
  59  11:35  Marine x3  
Show
View Real Time Build Order
Export as new Build Order

Elazer Zerg 

Build Orders: Pool Only, Ravager All-In 

Get SALT Encoding   

  12  0:17  Spawning Pool  
  11  0:21  Drone  
  11  0:27  Drone  
  13  0:30  Drone  
  14  0:37  Extractor, Drone  
  14  0:45  Extractor, Drone  
  14  1:04  Roach Warren, Drone  
  13  1:09  Overlord  
  14  1:24  Overlord  
  14  1:44  Roach x2  
  18  1:48  Roach  
  20  1:59  Roach  
  22  2:04  Ravager  
  22  2:05  Ravager  
  24  2:10  Roach  
  26  2:20  Roach  
  28  2:28  Ravager  
  29  2:31  Overlord  
  29  2:44  Ravager  
  30  2:58  Roach x2  
  34  3:03  Roach  
  36  3:18  Roach  
  36  3:19  Ravager  
  36  3:30  Ravager  
  37  3:45  Overlord  
  37  3:54  Ravager  
  38  4:01  Overlord  
  38  4:17  Ravager x2  
  38  4:18  Roach  
  38  4:19  Roach  
  44  4:41  Roach x3  
  44  4:58  Roach  
  41  5:03  Roach  
  43  5:15  Roach  
  43  5:20  Ravager x2  
  47  5:31  Roach  
  49  5:35  Overlord  
  49  5:41  Ravager  
  50  5:47  Roach  
  52  5:51  Ravager  
  53  6:09  Roach x2  
  28  6:38  Roach x2  
  26  6:43  Roach  
  28  6:47  Ravager x2  
  28  6:52  Roach  
  32  7:02  Roach  
  35  7:08  Ravager  
  35  7:14  Roach  
  37  7:24  Roach  
  37  7:29  Ravager  
  40  7:36  Roach  
  42  7:45  Roach  
  44  7:57  Ravager  
  44  7:58  Roach  
  47  8:07  Roach  
  49  8:21  Roach, Ravager  
  52  8:30  Roach  
  54  8:39  Ravager  
  55  8:48  Overlord  
  55  8:52  Ravager  
  56  9:05  Roach  
  56  9:08  Ravager  
  59  9:17  Roach  
  61  9:26  Roach  
  61  9:31  Ravager  
  62  9:42  Roach  
  64  9:50  Ravager  
  65  9:59  Roach  
  67  10:07  Roach  
  69  10:08  Overlord  
  65  10:22  Ravager  
  65  10:26  Roach  
  64  10:38  Roach  
  64  10:41  Ravager  
  64  10:44  Roach  
  66  11:01  Roach  
  54  11:05  Roach  
  54  11:09  Ravager  
  57  11:15  Roach  
  38  11:33  Roach  
  38  11:39  Roach  
Tags
 
Add a new tag
Caveats
  • Supply blocks, unpowered buildings, or Contaminate may cause inaccurate times.
  • Supply counts are checked every 10 seconds.